Workbook

Sheet RESUMEN
A1: GOBIERNO DEL ESTADO DE ZACATECAS
A5: LICITACIÓN No: | B5: EA-932063953-SOP054-2023
A6: PROYECTO: | B6: ADQUISICION DE INSUMOS PARA LA CONSTRUCCIÓN Y REHABILITACIÓN CON PAVIMENTACIÓN DE CONCRETO ASFÁLTICO EN GUADALUPE. LOCALIDADES VARIAS, EN CALLES VARIAS INCLUYE: 2,294.83 M3 DE MEZCLA ASFÁLTICA, 38,248 LTS DE EMULSIÓN DE ROMPIMIENTO RÁPIDO, 3,022.06 LTS DE EMULSIÓN ROMPIMIENTO LENTO Y 1,024 LTS DE PINTURA DE TRÁFICO.
A7: UBICACIÓN: | B7: GUADALUPE, ZAC.
A9: RESUMEN DEL LISTADO DE ADQUISICIÓN DE INSUMOS
A11: Código | B11: Concepto | C11: Unidad | D11: Cantidad | E11: Costo Unitario | F11: Importe
A13: 1.1 | B13: REHABILITACIÓN DE CALLE CON PAVIMENTACIÓN DE CONCRETO ASFÁLTICO, EN GUADALUPE , LOCALIDAD GUADALUPE, ASENTAMIENTO SANTA RITA, ZAP 1608, EN CALLE SANTA TERESA CON 950.53 M2, PARA BENEFICIO DE 14 VIVIENDAS. | C13: LOTE | D13: 1
A14: 1.2 | B14: REHABILITACIÓN DE CALLE CON PAVIMENTACIÓN DE CONCRETO ASFÁLTICO, EN GUADALUPE , LOCALIDAD GUADALUPE, ASENTAMIENTO SANTA RITA, ZAP 1608, EN CALLE SANTA RITA CON 918.72 M2, PARA BENEFICIO DE 17 VIVIENDAS. | C14: LOTE | D14: 1
A15: 2 | B15: REHABILITACIÓN DE CALLE CON PAVIMENTACIÓN DE CONCRETO ASFÁLTICO EN GUADALUPE LOCALIDAD CIENEGUITAS ZAP 2216 CALLE MORELOS (PORVENIR) PARA EL BENEFICIO DE 15 VIVIENDAS | C15: LOTE | D15: 1
A16: 3 | B16: REHABILITACIÓN DE CALLE CON PAVIMENTACIÓN DE CONCRETO ASFÁLTICO EN GUADALUPE, LOCALIDAD GUADALUPE, ASENTAMIENTO FRANCISCO VILLA ZAP 597, CALLE EULALIA GUZMAN, PARA BENEFICIO DE 21 VIVIENDAS | C16: LOTE | D16: 1
A17: 4 | B17: REHABILITACIÓN DE CALLES CON PAVIMENTACIÓN DE CONCRETO ASFÁLTICO EN GUADALUPE, LOCALIDAD GUADALUPE, ASENTAMIENTO CAMILO TORRES ZAP 0281, CALLE NIEVES,PARA BENEFICIO DE 15 VIVIENDAS | C17: LOTE | D17: 1
A18: 5.1 | B18: REHABILITACIÓN DE CALLE CON PAVIMENTACIÓN DE CONCRETO ASFÁLTICO, EN GUADALUPE , LOCALIDAD GUADALUPE, ASENTAMIENTO CONQUISTADORES, ZAP 2343, EN CALLE NUEVA ESPAÑA CON 934.17 M2, PARA BENEFICIO DE 17 VIVIENDAS. | C18: LOTE | D18: 1
A19: 5.2 | B19: REHABILITACIÓN DE CALLE CON PAVIMENTACIÓN DE CONCRETO ASFÁLTICO, EN GUADALUPE , LOCALIDAD GUADALUPE, ASENTAMIENTO CONQUISTADORES, ZAP 2343, EN CALLE DE LA BUFA CON 1,185.87 M2, PARA BENEFICIO DE 20 VIVIENDAS. | C19: LOTE | D19: 1
A20: 5.3 | B20: REHABILITACIÓN DE CALLE CON PAVIMENTACIÓN DE CONCRETO ASFÁLTICO, EN GUADALUPE , LOCALIDAD GUADALUPE, ASENTAMIENTO CONQUISTADORES, ZAP 2343, EN CALLE CONQUISTADORES CON 1,536.84 M2, PARA BENEFICIO DE 28 VIVIENDAS. | C20: LOTE | D20: 1
A21: 6 | B21: CONSTRUCCIÓN DE CALLE CON PAVIMENTACIÓN DE CONCRETO ASFÁLTICO EN GUADALUPE, LOCALIDAD GUADALUPE, ASENTAMIENTO OJO DE AGUA DE LA PALMA, ZAP 0775, CALLE ESCRITORES, CON 1,578.11 M2 PARA BENEFICIO DE 17 VIVIENDAS. | C21: LOTE | D21: 1
A22: 7.1 | B22: REHABILITACIÓN DE CALLE CON PAVIMENTACIÓN DE CONCRETO ASFÁLTICO, EN GUADALUPE , LOCALIDAD GUADALUPE, ASENTAMIENTO PROLONGACIÓN LA FÉ, ZAP 2080, EN CALLE SANTA LUCIA CON 1,025.97 M2, PARA BENEFICIO DE 20 VIVIENDAS. | C22: LOTE | D22: 1
A23: 7.2 | B23: REHABILITACIÓN DE CALLE CON PAVIMENTACIÓN DE CONCRETO ASFÁLTICO, EN GUADALUPE , LOCALIDAD GUADALUPE, ASENTAMIENTO CONVENTOS II, ZAP 1646, EN CALLE SANTO DOMINGO CON 1,523.95 M2, PARA BENEFICIO DE 18 VIVIENDAS. | C23: LOTE | D23: 1
A24: 8 | B24: REHABILITACIÓN DE CALLE CON PAVIMENTACIÓN DE CONCRETO ASFÁLTICO EN GUADALUPE LOCALIDAD GUADALUPE AMPLIACIÓN SNTAS ZAP 652 CALLE FRANCISCO MARQUEZ PARA ELBENEFICIO DE 24 VIVIENDAS | C24: LOTE | D24: 1
... A34: 15 | B34: REHABILITACIÓN DE CALLE CON PAVIMENTACIÓN DE CONCRETO ASFÁLTICO EN GUADALUPE LOCALIDAD GUADALUPE ASENTAMIENTO AMPLIACIÓN MINAS ZAP 092A Y 1383 EN CALLE 24 DE DICIEMBRE Y PADRE KINO PARA EL BENEFICIO DE 13 VIVIENDAS | C34: LOTE | D34: 1
E35: SUBTOTAL
E36: 16 % I.V.A.
E37: TOTAL
E38: (IMPORTE TOTAL CON LETRA)
A40: NOTA: EN PAPELERIA MEBRETADA DE LA EMPRESA Y FIRMADO POR EL REPRESENTANTE LEGAL
A41: LOS BIENES SERÁN ENTREGADOS CONFORME LO REQUIERA EL ÁREA SOLICITANTE RESPETANDO EL PERIODO SEÑALADO

Sheet 1.1 ST
A1: GOBIERNO DEL ESTADO DE ZACATECAS
A8: LICITACIÓN No: | B8: EA-932063953-SOP054-2023
A9: PROYECTO: | B9: REHABILITACIÓN DE CALLE CON PAVIMENTACIÓN DE CONCRETO ASFÁLTICO, EN GUADALUPE , LOCALIDAD GUADALUPE, ASENTAMIENTO SANTA RITA, ZAP 1608, EN CALLE SANTA TERESA CON 950.53 M2, PARA BENEFICIO DE 14 VIVIENDAS.
A10: UBICACIÓN: | B10: GUADALUPE, ZAC.
A12: LISTADO DE ADQUISICIÓN DE INSUMOS
A14: Código | B14: Concepto | C14: Unidad | D14: Cantidad | E14: Costo con Número | F14: Costo con letra | G14: Importe
B16: PAVIMENTO
A17: MASF0003 | B17: EMULSION CATIONICA DE ROMPIMIENTO RAPIDO (ECR) , DE ACUERDO CON LA NORMA DE LA SCT N-CMT-4-05-001 VIGENTE. (PUESTOS EN EL SITIO DE LOS TRABAJOS) | C17: L | D17: 950.53
A18: MASFPG64-22P | B18: ADQUISICIÓN DE CARPETA DE CONCRETO ASFALTICO CON CEMENTO ASFALTICO GRADO PG 64-22 ELABORADA EN PLANTA MEZCLA EN CALIENTE TIPO DENSA. (MEZCLA ASFÁLTICA SUELTA PUESTA EN EL SITIO DE LOS TRABAJOS). DE ACUERDO CON LA NORMA DE LA SCT N-CMT-4-05-003 VIGENTE. | C18: M3 | D18: 57.03
B19: SUBTOTAL PAVIMENTO
B21: SEÑALAMIENTO
A22: MPIN0001 | B22: PINTURA TRAFICO AMARILLO Y/O BLANCO, BASE AGUA, TIPO II, EN TAMBOS DE 200 L O CUBETA DE 19 L, DE ACUERDO A LA NORMA DE LA SICT N·CMT·5·01·001/13, PUESTA EN ALMACENES DE LA SUBSECRETARÍA DE COMUNICACIONES. | C22: L | D22: 21
B23: SUBTOTAL SEÑALAMIENTO
F26: SUBTOTAL
F27: 16 % I.V.A.
F28: TOTAL
F29: (IMPORTE TOTAL CON LETRA)
B30: NOTA: EN PAPELERIA MEBRETADA DE LA EMPRESA Y FIRMADO POR EL REPRESENTANTE LEGAL
B31: LOS BIENES SERÁN ENTREGADOS CONFORME LO REQUIERA EL ÁREA SOLICITANTE RESPETANDO EL PERIODO SEÑALADO

Sheet 1.2 SR
A1: GOBIERNO DEL ESTADO DE ZACATECAS
A8: LICITACIÓN No: | B8: EA-932063953-SOP054-2023
A9: PROYECTO: | B9: REHABILITACIÓN DE CALLE CON PAVIMENTACIÓN DE CONCRETO ASFÁLTICO, EN GUADALUPE , LOCALIDAD GUADALUPE, ASENTAMIENTO SANTA RITA, ZAP 1608, EN CALLE SANTA RITA CON 918.72 M2, PARA BENEFICIO DE 17 VIVIENDAS.
A10: UBICACIÓN: | B10: GUADALUPE, ZAC.
A12: LISTADO DE ADQUISICIÓN DE INSUMOS
A14: Código | B14: Concepto | C14: Unidad | D14: Cantidad | E14: Costo con Número | F14: Costo con letra | G14: Importe
B16: PAVIMENTO
A17: MASF0003 | B17: EMULSION CATIONICA DE ROMPIMIENTO RAPIDO (ECR) , DE ACUERDO CON LA NORMA DE LA SCT N-CMT-4-05-001 VIGENTE. (PUESTOS EN EL SITIO DE LOS TRABAJOS) | C17: L | D17: 918.76
A18: MASFPG64-22P | B18: ADQUISICIÓN DE CARPETA DE CONCRETO ASFALTICO CON CEMENTO ASFALTICO GRADO PG 64-22 ELABORADA EN PLANTA MEZCLA EN CALIENTE TIPO DENSA. (MEZCLA ASFÁLTICA SUELTA PUESTA EN EL SITIO DE LOS TRABAJOS). DE ACUERDO CON LA NORMA DE LA SCT N-CMT-4-05-003 VIGENTE. | C18: M3 | D18: 55.12
B19: SUBTOTAL PAVIMENTO
B21: SEÑALAMIENTO
A22: MPIN0001 | B22: PINTURA TRAFICO AMARILLO Y/O BLANCO, BASE AGUA, TIPO II, EN TAMBOS DE 200 L O CUBETA DE 19 L, DE ACUERDO A LA NORMA DE LA SICT N·CMT·5·01·001/13, PUESTA EN ALMACENES DE LA SUBSECRETARÍA DE COMUNICACIONES. | C22: L | D22: 22
B23: SUBTOTAL SEÑALAMIENTO
F27: SUBTOTAL
F28: 16 % I.V.A.
F29: TOTAL
F30: (IMPORTE TOTAL CON LETRA)
B31: NOTA: EN PAPELERIA MEBRETADA DE LA EMPRESA Y FIRMADO POR EL REPRESENTANTE LEGAL
B32: LOS BIENES SERÁN ENTREGADOS CONFORME LO REQUIERA EL ÁREA SOLICITANTE RESPETANDO EL PERIODO SEÑALADO

Sheet 2 M
A1: GOBIERNO DEL ESTADO DE ZACATECAS
A8: LICITACIÓN No: | B8: EA-932063953-SOP054-2023
A9: PROYECTO: | B9: REHABILITACIÓN DE CALLE CON PAVIMENTACIÓN DE CONCRETO ASFÁLTICO EN GUADALUPE LOCALIDAD CIENEGUITAS ZAP 2216 CALLE MORELOS (PORVENIR) PARA EL BENEFICIO DE 15 VIVIENDAS
A10: UBICACIÓN: | B10: GUADALUPE, ZAC.
A12: LISTADO DE ADQUISICIÓN DE INSUMOS
A14: Código | B14: Concepto | C14: Unidad | D14: Cantidad | E14: Costo con Número | F14: Costo con letra | G14: Importe
B16: PAVIMENTO
A17: MASF0003 | B17: EMULSION CATIONICA DE ROMPIMIENTO RAPIDO (ECR) , DE ACUERDO CON LA NORMA DE LA SCT N-CMT-4-05-001 VIGENTE. (PUESTOS EN EL SITIO DE LOS TRABAJOS) | C17: L | D17: 3983.92
A18: MASFPG64-22P | B18: ADQUISICIÓN DE CARPETA DE CONCRETO ASFALTICO CON CEMENTO ASFALTICO GRADO PG 64-22 ELABORADA EN PLANTA MEZCLA EN CALIENTE TIPO DENSA. (MEZCLA ASFÁLTICA SUELTA PUESTA EN EL SITIO DE LOS TRABAJOS). DE ACUERDO CON LA NORMA DE LA SCT N-CMT-4-05-003 VIGENTE. | C18: M3 | D18: 239.03
B19: SUBTOTAL PAVIMENTO
B20: SEÑALAMIENTO
A21: MPIN0001 | B21: PINTURA TRAFICO AMARILLO Y/O BLANCO, BASE AGUA, TIPO II, EN TAMBOS DE 200 L O CUBETA DE 19 L, DE ACUERDO A LA NORMA DE LA SICT N·CMT·5·01·001/13, PUESTA EN ALMACENES DE LA SUBSECRETARÍA DE COMUNICACIONES. | C21: L | D21: =81+16 -> 97
B22: SUBTOTAL SEÑALAMIENTO
F26: SUBTOTAL
F27: 16 % I.V.A.
F28: TOTAL
F29: (IMPORTE TOTAL CON LETRA)
B30: NOTA: EN PAPELERIA MEBRETADA DE LA EMPRESA Y FIRMADO POR EL REPRESENTANTE LEGAL
B31: LOS BIENES SERÁN ENTREGADOS CONFORME LO REQUIERA EL ÁREA SOLICITANTE RESPETANDO EL PERIODO SEÑALADO

Sheet 3 E
A1: GOBIERNO DEL ESTADO DE ZACATECAS
A8: LICITACIÓN No: | B8: EA-932063953-SOP054-2023
A9: PROYECTO: | B9: REHABILITACIÓN DE CALLE CON PAVIMENTACIÓN DE CONCRETO ASFÁLTICO EN GUADALUPE, LOCALIDAD GUADALUPE, ASENTAMIENTO FRANCISCO VILLA ZAP 597, CALLE EULALIA GUZMAN, PARA BENEFICIO DE 21 VIVIENDAS
A10: UBICACIÓN: | B10: GUADALUPE, ZAC.
A12: LISTADO DE ADQUISICIÓN DE INSUMOS
A14: Código | B14: Concepto | C14: Unidad | D14: Cantidad | E14: Costo con Número | F14: Costo con letra | G14: Importe
B16: PAVIMENTO
A17: MASF0003 | B17: EMULSION CATIONICA DE ROMPIMIENTO RAPIDO (ECR) , DE ACUERDO CON LA NORMA DE LA SCT N-CMT-4-05-001 VIGENTE. (PUESTOS EN EL SITIO DE LOS TRABAJOS) | C17: L | D17: 1136.46
A18: MASFPG64-22P | B18: ADQUISICIÓN DE CARPETA DE CONCRETO ASFALTICO CON CEMENTO ASFALTICO GRADO PG 64-22 ELABORADA EN PLANTA MEZCLA EN CALIENTE TIPO DENSA. (MEZCLA ASFÁLTICA SUELTA PUESTA EN EL SITIO DE LOS TRABAJOS). DE ACUERDO CON LA NORMA DE LA SCT N-CMT-4-05-003 VIGENTE. | C18: M3 | D18: 68.18
B19: TOTAL PAVIMENTO
B21: SEÑALAMIENTO
A22: MPIN0001 | B22: PINTURA TRAFICO AMARILLO Y/O BLANCO, BASE AGUA, TIPO II, EN TAMBOS DE 200 L O CUBETA DE 19 L, DE ACUERDO A LA NORMA DE LA SICT N·CMT·5·01·001/13, PUESTA EN ALMACENES DE LA SUBSECRETARÍA DE COMUNICACIONES. | C22: L | D22: 37
B23: TOTAL SEÑALAMIENTO
F27: SUBTOTAL
F28: 16 % I.V.A.
F29: TOTAL
F30: (IMPORTE TOTAL CON LETRA)
B31: NOTA: EN PAPELERIA MEBRETADA DE LA EMPRESA Y FIRMADO POR EL REPRESENTANTE LEGAL
B32: LOS BIENES SERÁN ENTREGADOS CONFORME LO REQUIERA EL ÁREA SOLICITANTE RESPETANDO EL PERIODO SEÑALADO

Sheet 4 N
A1: GOBIERNO DEL ESTADO DE ZACATECAS
A8: LICITACIÓN No: | B8: EA-932063953-SOP054-2023
A9: PROYECTO: | B9: REHABILITACIÓN DE CALLES CON PAVIMENTACIÓN DE CONCRETO ASFÁLTICO EN GUADALUPE, LOCALIDAD GUADALUPE, ASENTAMIENTO CAMILO TORRES ZAP 0281, CALLE NIEVES,PARA BENEFICIO DE 15 VIVIENDAS
A10: UBICACIÓN: | B10: GUADALUPE, ZAC.
A12: LISTADO DE ADQUISICIÓN DE INSUMOS
A14: Código | B14: Concepto | C14: Unidad | D14: Cantidad | E14: Costo con Número | F14: Costo con letra | G14: Importe
B16: PAVIMENTO
A17: MASF0003 | B17: EMULSION CATIONICA DE ROMPIMIENTO RAPIDO (ECR) , DE ACUERDO CON LA NORMA DE LA SCT N-CMT-4-05-001 VIGENTE. (PUESTOS EN EL SITIO DE LOS TRABAJOS) | C17: L | D17: 2525.63
A18: MASFPG64-22P | B18: ADQUISICIÓN DE CARPETA DE CONCRETO ASFALTICO CON CEMENTO ASFALTICO GRADO PG 64-22 ELABORADA EN PLANTA MEZCLA EN CALIENTE TIPO DENSA. (MEZCLA ASFÁLTICA SUELTA PUESTA EN EL SITIO DE LOS TRABAJOS). DE ACUERDO CON LA NORMA DE LA SCT N-CMT-4-05-003 VIGENTE. | C18: M3 | D18: 151.53
B19: SUBTOTAL PAVIMENTO
B20: SEÑALAMIENTO
A21: MPIN0001 | B21: PINTURA TRAFICO AMARILLO Y/O BLANCO, BASE AGUA, TIPO II, EN TAMBOS DE 200 L O CUBETA DE 19 L, DE ACUERDO A LA NORMA DE LA SICT N·CMT·5·01·001/13, PUESTA EN ALMACENES DE LA SUBSECRETARÍA DE COMUNICACIONES. | C21: L | D21: 67
B22: SUBTOTAL SEÑALAMIENTO
F25: SUBTOTAL
F26: 16 % I.V.A.
F27: TOTAL
F28: (IMPORTE TOTAL CON LETRA)
B29: NOTA: EN PAPELERIA MEBRETADA DE LA EMPRESA Y FIRMADO POR EL REPRESENTANTE LEGAL
B30: LOS BIENES SERÁN ENTREGADOS CONFORME LO REQUIERA EL ÁREA SOLICITANTE RESPETANDO EL PERIODO SEÑALADO

Sheet 5.1 NE
A1: GOBIERNO DEL ESTADO DE ZACATECAS
A8: LICITACIÓN No: | B8: EA-932063953-SOP054-2023
A9: PROYECTO: | B9: REHABILITACIÓN DE CALLE CON PAVIMENTACIÓN DE CONCRETO ASFÁLTICO, EN GUADALUPE , LOCALIDAD GUADALUPE, ASENTAMIENTO CONQUISTADORES, ZAP 2343, EN CALLE NUEVA ESPAÑA CON 934.17 M2, PARA BENEFICIO DE 17 VIVIENDAS.
A10: UBICACIÓN: | B10: GUADALUPE, ZAC.
A12: LISTADO DE ADQUISICIÓN DE INSUMOS
A14: Código | B14: Concepto | C14: Unidad | D14: Cantidad | E14: Costo con Número | F14: Costo con letra | G14: Importe
B16: PAVIMENTO
A17: MASF0003 | B17: EMULSION CATIONICA DE ROMPIMIENTO RAPIDO (ECR) , DE ACUERDO CON LA NORMA DE LA SCT N-CMT-4-05-001 VIGENTE. (PUESTOS EN EL SITIO DE LOS TRABAJOS) | C17: L | D17: 934.17
A18: MASFPG64-22P | B18: ADQUISICIÓN DE CARPETA DE CONCRETO ASFALTICO CON CEMENTO ASFALTICO GRADO PG 64-22 ELABORADA EN PLANTA MEZCLA EN CALIENTE TIPO DENSA. (MEZCLA ASFÁLTICA SUELTA PUESTA EN EL SITIO DE LOS TRABAJOS). DE ACUERDO CON LA NORMA DE LA SCT N-CMT-4-05-003 VIGENTE. | C18: M3 | D18: 56.05
B19: SUBTOTAL PAVIMENTO
B20: SEÑALAMIENTO
A21: MPIN0001 | B21: PINTURA TRAFICO AMARILLO Y/O BLANCO, BASE AGUA, TIPO II, EN TAMBOS DE 200 L O CUBETA DE 19 L, DE ACUERDO A LA NORMA DE LA SICT N·CMT·5·01·001/13, PUESTA EN ALMACENES DE LA SUBSECRETARÍA DE COMUNICACIONES. | C21: L | D21: 36
B22: SUBTOTAL SEÑALAMIENTO
F25: SUBTOTAL
F26: 16 % I.V.A.
F27: TOTAL
F28: (IMPORTE TOTAL CON LETRA)
B29: NOTA: EN PAPELERIA MEBRETADA DE LA EMPRESA Y FIRMADO POR EL REPRESENTANTE LEGAL
B30: LOS BIENES SERÁN ENTREGADOS CONFORME LO REQUIERA EL ÁREA SOLICITANTE RESPETANDO EL PERIODO SEÑALADO

Sheet 5.2 B
A1: GOBIERNO DEL ESTADO DE ZACATECAS
A8: LICITACIÓN No: | B8: EA-932063953-SOP054-2023
A9: PROYECTO: | B9: REHABILITACIÓN DE CALLE CON PAVIMENTACIÓN DE CONCRETO ASFÁLTICO, EN GUADALUPE , LOCALIDAD GUADALUPE, ASENTAMIENTO CONQUISTADORES, ZAP 2343, EN CALLE DE LA BUFA CON 1,185.87 M2, PARA BENEFICIO DE 20 VIVIENDAS.
A10: UBICACIÓN: | B10: GUADALUPE, ZAC.
A12: LISTADO DE ADQUISICIÓN DE INSUMOS
A14: Código | B14: Concepto | C14: Unidad | D14: Cantidad | E14: Costo con Número | F14: Costo con letra | G14: Importe
B16: PAVIMENTO
A17: MASF0003 | B17: EMULSION CATIONICA DE ROMPIMIENTO RAPIDO (ECR) , DE ACUERDO CON LA NORMA DE LA SCT N-CMT-4-05-001 VIGENTE. (PUESTOS EN EL SITIO DE LOS TRABAJOS) | C17: L | D17: 1185.869
A18: MASFPG64-22P | B18: ADQUISICIÓN DE CARPETA DE CONCRETO ASFALTICO CON CEMENTO ASFALTICO GRADO PG 64-22 ELABORADA EN PLANTA MEZCLA EN CALIENTE TIPO DENSA. (MEZCLA ASFÁLTICA SUELTA PUESTA EN EL SITIO DE LOS TRABAJOS). DE ACUERDO CON LA NORMA DE LA SCT N-CMT-4-05-003 VIGENTE. | C18: M3 | D18: 71.15
B19: SUBTOTAL PAVIMENTO
B20: SEÑALAMIENTO
A21: MPIN0001 | B21: PINTURA TRAFICO AMARILLO Y/O BLANCO, BASE AGUA, TIPO II, EN TAMBOS DE 200 L O CUBETA DE 19 L, DE ACUERDO A LA NORMA DE LA SICT N·CMT·5·01·001/13, PUESTA EN ALMACENES DE LA SUBSECRETARÍA DE COMUNICACIONES. | C21: L | D21: 35
B22: SUBTOTAL SEÑALAMIENTO
F28: SUBTOTAL
F29: 16 % I.V.A.
F30: TOTAL
F31: (IMPORTE TOTAL CON LETRA)
B32: NOTA: EN PAPELERIA MEBRETADA DE LA EMPRESA Y FIRMADO POR EL REPRESENTANTE LEGAL
B33: LOS BIENES SERÁN ENTREGADOS CONFORME LO REQUIERA EL ÁREA SOLICITANTE RESPETANDO EL PERIODO SEÑALADO

Sheet 5.3 CO
A1: GOBIERNO DEL ESTADO DE ZACATECAS
A8: LICITACIÓN No: | B8: EA-932063953-SOP054-2023
A9: PROYECTO: | B9: REHABILITACIÓN DE CALLE CON PAVIMENTACIÓN DE CONCRETO ASFÁLTICO, EN GUADALUPE , LOCALIDAD GUADALUPE, ASENTAMIENTO CONQUISTADORES, ZAP 2343, EN CALLE CONQUISTADORES CON 1,536.84 M2, PARA BENEFICIO DE 28 VIVIENDAS.
A10: UBICACIÓN: | B10: GUADALUPE, ZAC.
A12: LISTADO DE ADQUISICIÓN DE INSUMOS
A14: Código | B14: Concepto | C14: Unidad | D14: Cantidad | E14: Costo con Número | F14: Costo con letra | G14: Importe
B15: PAVIMENTO
A16: MASF0003 | B16: EMULSION CATIONICA DE ROMPIMIENTO RAPIDO (ECR) , DE ACUERDO CON LA NORMA DE LA SCT N-CMT-4-05-001 VIGENTE. (PUESTOS EN EL SITIO DE LOS TRABAJOS) | C16: L | D16: 1536.84
A17: MASFPG64-22P | B17: ADQUISICIÓN DE CARPETA DE CONCRETO ASFALTICO CON CEMENTO ASFALTICO GRADO PG 64-22 ELABORADA EN PLANTA MEZCLA EN CALIENTE TIPO DENSA. (MEZCLA ASFÁLTICA SUELTA PUESTA EN EL SITIO DE LOS TRABAJOS). DE ACUERDO CON LA NORMA DE LA SCT N-CMT-4-05-003 VIGENTE. | C17: M3 | D17: 92.21
B18: SUBTOTAL PAVIMENTO
B19: SEÑALAMIENTO
A20: MPIN0001 | B20: PINTURA TRAFICO AMARILLO Y/O BLANCO, BASE AGUA, TIPO II, EN TAMBOS DE 200 L O CUBETA DE 19 L, DE ACUERDO A LA NORMA DE LA SICT N·CMT·5·01·001/13, PUESTA EN ALMACENES DE LA SUBSECRETARÍA DE COMUNICACIONES. | C20: L | D20: 40
B21: SUBTOTAL SEÑALAMIENTO
F25: SUBTOTAL
F26: 16 % I.V.A.
F27: TOTAL
F28: (IMPORTE TOTAL CON LETRA)
B29: NOTA: EN PAPELERIA MEBRETADA DE LA EMPRESA Y FIRMADO POR EL REPRESENTANTE LEGAL
B30: LOS BIENES SERÁN ENTREGADOS CONFORME LO REQUIERA EL ÁREA SOLICITANTE RESPETANDO EL PERIODO SEÑALADO

Sheet 6 E
A1: GOBIERNO DEL ESTADO DE ZACATECAS
A8: LICITACIÓN No: | B8: EA-932063953-SOP054-2023
A9: PROYECTO: | B9: CONSTRUCCIÓN DE CALLE CON PAVIMENTACIÓN DE CONCRETO ASFÁLTICO EN GUADALUPE, LOCALIDAD GUADALUPE, ASENTAMIENTO OJO DE AGUA DE LA PALMA, ZAP 0775, CALLE ESCRITORES, CON 1,578.11 M2 PARA BENEFICIO DE 17 VIVIENDAS.
A10: UBICACIÓN: | B10: GUADALUPE, ZAC.
A12: LISTADO DE ADQUISICIÓN DE INSUMOS
A14: Código | B14: Concepto | C14: Unidad | D14: Cantidad | E14: Costo con Número | F14: Costo con letra | G14: Importe
B16: PAVIMENTO
A17: MASF0003 | B17: EMULSION CATIONICA DE ROMPIMIENTO RAPIDO (ECR) , DE ACUERDO CON LA NORMA DE LA SCT N-CMT-4-05-001 VIGENTE. (PUESTOS EN EL SITIO DE LOS TRABAJOS) | C17: L | D17: 1578.11
A18: MASF0004 | B18: EMULSION ASFALTICA CATIONICA DE ROMPIMIENTO LENTO (ECL) DE ACUERDO CON LA NORMA DE LA SCT N-CMT-4-05-001 VIGENTE. (PUESTOS EN EL SITIO DE LOS TRABAJOS) | C18: L | D18: 2682.79
A19: MASFPG64-22P | B19: ADQUISICIÓN DE CARPETA DE CONCRETO ASFALTICO CON CEMENTO ASFALTICO GRADO PG 64-22 ELABORADA EN PLANTA MEZCLA EN CALIENTE TIPO DENSA. (MEZCLA ASFÁLTICA SUELTA PUESTA EN EL SITIO DE LOS TRABAJOS). DE ACUERDO CON LA NORMA DE LA SCT N-CMT-4-05-003 VIGENTE. | C19: M3 | D19: 94.69
B20: SUBTOTAL PAVIMENTO
B21: SEÑALAMIENTO
A22: MPIN0001 | B22: PINTURA TRAFICO AMARILLO Y/O BLANCO, BASE AGUA, TIPO II, EN TAMBOS DE 200 L O CUBETA DE 19 L, DE ACUERDO A LA NORMA DE LA SICT N·CMT·5·01·001/13, PUESTA EN ALMACENES DE LA SUBSECRETARÍA DE COMUNICACIONES. | C22: L | D22: 43
B23: SUBTOTAL SEÑALAMIENTO
F27: SUBTOTAL
F28: 16 % I.V.A.
F29: TOTAL
F30: (IMPORTE TOTAL CON LETRA)
B31: NOTA: EN PAPELERIA MEBRETADA DE LA EMPRESA Y FIRMADO POR EL REPRESENTANTE LEGAL
B32: LOS BIENES SERÁN ENTREGADOS CONFORME LO REQUIERA EL ÁREA SOLICITANTE RESPETANDO EL PERIODO SEÑALADO

Sheet 7.1 L
A1: GOBIERNO DEL ESTADO DE ZACATECAS
A8: LICITACIÓN No: | B8: EA-932063953-SOP054-2023
A9: PROYECTO: | B9: REHABILITACIÓN DE CALLE CON PAVIMENTACIÓN DE CONCRETO ASFÁLTICO, EN GUADALUPE , LOCALIDAD GUADALUPE, ASENTAMIENTO PROLONGACIÓN LA FÉ, ZAP 2080, EN CALLE SANTA LUCIA CON 1,025.97 M2, PARA BENEFICIO DE 20 VIVIENDAS.
A10: UBICACIÓN: | B10: GUADALUPE, ZAC.
A12: LISTADO DE ADQUISICIÓN DE INSUMOS
A14: Código | B14: Concepto | C14: Unidad | D14: Cantidad | E14: Costo con Número | F14: Costo con letra | G14: Importe
B16: PAVIMENTO
A17: MASF0003 | B17: EMULSION CATIONICA DE ROMPIMIENTO RAPIDO (ECR) , DE ACUERDO CON LA NORMA DE LA SCT N-CMT-4-05-001 VIGENTE. (PUESTOS EN EL SITIO DE LOS TRABAJOS) | C17: L | D17: 1025.969
A18: MASFPG64-22P | B18: ADQUISICIÓN DE CARPETA DE CONCRETO ASFALTICO CON CEMENTO ASFALTICO GRADO PG 64-22 ELABORADA EN PLANTA MEZCLA EN CALIENTE TIPO DENSA. (MEZCLA ASFÁLTICA SUELTA PUESTA EN EL SITIO DE LOS TRABAJOS). DE ACUERDO CON LA NORMA DE LA SCT N-CMT-4-05-003 VIGENTE. | C18: M3 | D18: 61.56
B19: SUBTOTAL PAVIMENTO
B20: SEÑALAMIENTO
A21: MPIN0001 | B21: PINTURA TRAFICO AMARILLO Y/O BLANCO, BASE AGUA, TIPO II, EN TAMBOS DE 200 L O CUBETA DE 19 L, DE ACUERDO A LA NORMA DE LA SICT N·CMT·5·01·001/13, PUESTA EN ALMACENES DE LA SUBSECRETARÍA DE COMUNICACIONES. | C21: L | D21: 28
B22: SUBTOTAL SEÑALAMIENTO
F25: SUBTOTAL
F26: 16 % I.V.A.
F27: TOTAL
F28: (IMPORTE TOTAL CON LETRA)
B29: NOTA: EN PAPELERIA MEBRETADA DE LA EMPRESA Y FIRMADO POR EL REPRESENTANTE LEGAL
B30: LOS BIENES SERÁN ENTREGADOS CONFORME LO REQUIERA EL ÁREA SOLICITANTE RESPETANDO EL PERIODO SEÑALADO

Sheet 7.2 SD
A1: GOBIERNO DEL ESTADO DE ZACATECAS
A8: LICITACIÓN No: | B8: EA-932063953-SOP054-2023
A9: PROYECTO: | B9: REHABILITACIÓN DE CALLE CON PAVIMENTACIÓN DE CONCRETO ASFÁLTICO, EN GUADALUPE , LOCALIDAD GUADALUPE, ASENTAMIENTO CONVENTOS II, ZAP 1646, EN CALLE SANTO DOMINGO CON 1,523.95 M2, PARA BENEFICIO DE 18 VIVIENDAS.
A10: UBICACIÓN: | B10: GUADALUPE, ZAC.
A12: LISTADO DE ADQUISICIÓN DE INSUMOS
A14: Código | B14: Concepto | C14: Unidad | D14: Cantidad | E14: Costo con Número | F14: Costo con letra | G14: Importe
B16: PAVIMENTO
A17: MASF0003 | B17: EMULSION CATIONICA DE ROMPIMIENTO RAPIDO (ECR) , DE ACUERDO CON LA NORMA DE LA SCT N-CMT-4-05-001 VIGENTE. (PUESTOS EN EL SITIO DE LOS TRABAJOS) | C17: L | D17: 1523.95
A18: MASFPG64-22P | B18: ADQUISICIÓN DE CARPETA DE CONCRETO ASFALTICO CON CEMENTO ASFALTICO GRADO PG 64-22 ELABORADA EN PLANTA MEZCLA EN CALIENTE TIPO DENSA. (MEZCLA ASFÁLTICA SUELTA PUESTA EN EL SITIO DE LOS TRABAJOS). DE ACUERDO CON LA NORMA DE LA SCT N-CMT-4-05-003 VIGENTE. | C18: M3 | D18: 91.43
B19: SUBTOTAL PAVIMENTO
B20: SEÑALAMIENTO
A21: MPIN0001 | B21: PINTURA TRAFICO AMARILLO Y/O BLANCO, BASE AGUA, TIPO II, EN TAMBOS DE 200 L O CUBETA DE 19 L, DE ACUERDO A LA NORMA DE LA SICT N·CMT·5·01·001/13, PUESTA EN ALMACENES DE LA SUBSECRETARÍA DE COMUNICACIONES. | C21: L | D21: 47
B22: SUBTOTAL SEÑALAMIENTO
F27: SUBTOTAL
F28: 16 % I.V.A.
F29: TOTAL
F30: (IMPORTE TOTAL CON LETRA)
B31: NOTA: EN PAPELERIA MEBRETADA DE LA EMPRESA Y FIRMADO POR EL REPRESENTANTE LEGAL
B32: LOS BIENES SERÁN ENTREGADOS CONFORME LO REQUIERA EL ÁREA SOLICITANTE RESPETANDO EL PERIODO SEÑALADO

Sheet 8FM
A1: GOBIERNO DEL ESTADO DE ZACATECAS
A8: LICITACIÓN No: | B8: EA-932063953-SOP054-2023
A9: PROYECTO: | B9: REHABILITACIÓN DE CALLE CON PAVIMENTACIÓN DE CONCRETO ASFÁLTICO EN GUADALUPE LOCALIDAD GUADALUPE AMPLIACIÓN SNTAS ZAP 652 CALLE FRANCISCO MARQUEZ PARA ELBENEFICIO DE 24 VIVIENDAS
A10: UBICACIÓN: | B10: GUADALUPE, ZAC.
A12: LISTADO DE ADQUISICIÓN DE INSUMOS
A14: Código | B14: Concepto | C14: Unidad | D14: Cantidad | E14: Costo con Número | F14: Costo con letra | G14: Importe
B16: PAVIMENTO
A17: MASF0003 | B17: EMULSION CATIONICA DE ROMPIMIENTO RAPIDO (ECR) , DE ACUERDO CON LA NORMA DE LA SCT N-CMT-4-05-001 VIGENTE. (PUESTOS EN EL SITIO DE LOS TRABAJOS) | C17: L | D17: 804.87
A18: MASFPG64-22P | B18: ADQUISICIÓN DE CARPETA DE CONCRETO ASFALTICO CON CEMENTO ASFALTICO GRADO PG 64-22 ELABORADA EN PLANTA MEZCLA EN CALIENTE TIPO DENSA. (MEZCLA ASFÁLTICA SUELTA PUESTA EN EL SITIO DE LOS TRABAJOS). DE ACUERDO CON LA NORMA DE LA SCT N-CMT-4-05-003 VIGENTE. | C18: M3 | D18: 48.29
B19: SUBTOTAL PAVIMENTO
B20: SEÑALAMIENTO
A21: MPIN0001 | B21: PINTURA TRAFICO AMARILLO Y/O BLANCO, BASE AGUA, TIPO II, EN TAMBOS DE 200 L O CUBETA DE 19 L, DE ACUERDO A LA NORMA DE LA SICT N·CMT·5·01·001/13, PUESTA EN ALMACENES DE LA SUBSECRETARÍA DE COMUNICACIONES. | C21: L | D21: 27
B22: SUBTOTAL SEÑALAMIENTO
F25: SUBTOTAL
F26: 16 % I.V.A.
F27: TOTAL
F28: (IMPORTE TOTAL CON LETRA)
B29: NOTA: EN PAPELERIA MEBRETADA DE LA EMPRESA Y FIRMADO POR EL REPRESENTANTE LEGAL
B30: LOS BIENES SERÁN ENTREGADOS CONFORME LO REQUIERA EL ÁREA SOLICITANTE RESPETANDO EL PERIODO SEÑALADO

Sheet 9.1 L
A1: GOBIERNO DEL ESTADO DE ZACATECAS
A8: LICITACIÓN No: | B8: EA-932063953-SOP054-2023
A9: PROYECTO: | B9: REHABILITACIÓN DE CALLE CON PAVIMENTACIÓN DE CONCRETO ASFÁLTICO, EN GUADALUPE , LOCALIDAD GUADALUPE, ASENTAMIENTO STUAZ, ZAP 0703, EN CALLE SAN LUCAS CON 521.31 M2, PARA BENEFICIO DE 5 VIVIENDAS.
A10: UBICACIÓN: | B10: GUADALUPE, ZAC.
A12: LISTADO DE ADQUISICIÓN DE INSUMOS
A14: Código | B14: Concepto | C14: Unidad | D14: Cantidad | E14: Costo con Número | F14: Costo con letra | G14: Importe
B16: PAVIMENTO
A17: MASF0003 | B17: EMULSION CATIONICA DE ROMPIMIENTO RAPIDO (ECR) , DE ACUERDO CON LA NORMA DE LA SCT N-CMT-4-05-001 VIGENTE. (PUESTOS EN EL SITIO DE LOS TRABAJOS) | C17: L | D17: 521.309
A18: MASFPG64-22P | B18: ADQUISICIÓN DE CARPETA DE CONCRETO ASFALTICO CON CEMENTO ASFALTICO GRADO PG 64-22 ELABORADA EN PLANTA MEZCLA EN CALIENTE TIPO DENSA. (MEZCLA ASFÁLTICA SUELTA PUESTA EN EL SITIO DE LOS TRABAJOS). DE ACUERDO CON LA NORMA DE LA SCT N-CMT-4-05-003 VIGENTE. | C18: M3 | D18: 31.28
B19: SUBTOTAL PAVIMENTO
B20: SEÑALAMIENTO
A21: MPIN0001 | B21: PINTURA TRAFICO AMARILLO Y/O BLANCO, BASE AGUA, TIPO II, EN TAMBOS DE 200 L O CUBETA DE 19 L, DE ACUERDO A LA NORMA DE LA SICT N·CMT·5·01·001/13, PUESTA EN ALMACENES DE LA SUBSECRETARÍA DE COMUNICACIONES. | C21: L | D21: 17
B22: SUBTOTAL SEÑALAMIENTO
F25: SUBTOTAL
F26: 16 % I.V.A.
F27: TOTAL
F28: (IMPORTE TOTAL CON LETRA)
B29: NOTA: EN PAPELERIA MEBRETADA DE LA EMPRESA Y FIRMADO POR EL REPRESENTANTE LEGAL
B30: LOS BIENES SERÁN ENTREGADOS CONFORME LO REQUIERA EL ÁREA SOLICITANTE RESPETANDO EL PERIODO SEÑALADO

Sheet 9.2 I
A1: GOBIERNO DEL ESTADO DE ZACATECAS
A8: LICITACIÓN No: | B8: EA-932063953-SOP054-2023
A9: PROYECTO: | B9: REHABILITACIÓN DE CALLE CON PAVIMENTACIÓN DE CONCRETO ASFÁLTICO, EN GUADALUPE , LOCALIDAD GUADALUPE, ASENTAMIENTO STUAZ, ZAP 0652, EN CALLE ISAÍAS CON 505.25 M2, PARA BENEFICIO DE 21 VIVIENDAS.
A10: UBICACIÓN: | B10: GUADALUPE, ZAC.
A12: LISTADO DE ADQUISICIÓN DE INSUMOS
A14: Código | B14: Concepto | C14: Unidad | D14: Cantidad | E14: Costo con Número | F14: Costo con letra | G14: Importe
B16: PAVIMENTO
A17: MASF0003 | B17: EMULSION CATIONICA DE ROMPIMIENTO RAPIDO (ECR) , DE ACUERDO CON LA NORMA DE LA SCT N-CMT-4-05-001 VIGENTE. (PUESTOS EN EL SITIO DE LOS TRABAJOS) | C17: L | D17: 505.25
A18: MASFPG64-22P | B18: ADQUISICIÓN DE CARPETA DE CONCRETO ASFALTICO CON CEMENTO ASFALTICO GRADO PG 64-22 ELABORADA EN PLANTA MEZCLA EN CALIENTE TIPO DENSA. (MEZCLA ASFÁLTICA SUELTA PUESTA EN EL SITIO DE LOS TRABAJOS). DE ACUERDO CON LA NORMA DE LA SCT N-CMT-4-05-003 VIGENTE. | C18: M3 | D18: 30.32
B19: SUBTOTAL PAVIMENTO
B20: SEÑALAMIENTO
A21: MPIN0001 | B21: PINTURA TRAFICO AMARILLO Y/O BLANCO, BASE AGUA, TIPO II, EN TAMBOS DE 200 L O CUBETA DE 19 L, DE ACUERDO A LA NORMA DE LA SICT N·CMT·5·01·001/13, PUESTA EN ALMACENES DE LA SUBSECRETARÍA DE COMUNICACIONES. | C21: L | D21: 15
B22: SUBTOTAL SEÑALAMIENTO
F27: SUBTOTAL
F28: 16 % I.V.A.
F29: TOTAL
F30: (IMPORTE TOTAL CON LETRA)
B31: NOTA: EN PAPELERIA MEBRETADA DE LA EMPRESA Y FIRMADO POR EL REPRESENTANTE LEGAL
B32: LOS BIENES SERÁN ENTREGADOS CONFORME LO REQUIERA EL ÁREA SOLICITANTE RESPETANDO EL PERIODO SEÑALADO

Sheet 9.3 I
A1: GOBIERNO DEL ESTADO DE ZACATECAS
A8: LICITACIÓN No: | B8: EA-932063953-SOP054-2023
A9: PROYECTO: | B9: REHABILITACIÓN DE CALLE CON PAVIMENTACIÓN DE CONCRETO ASFÁLTICO, EN GUADALUPE , LOCALIDAD GUADALUPE, ASENTAMIENTO STUAZ, ZAP 0652, EN CALLE DR. IGNACIO CHÁVEZ CON 768.73 M2, PARA BENEFICIO DE 28 VIVIENDAS.
A10: UBICACIÓN: | B10: GUADALUPE, ZAC.
A12: LISTADO DE ADQUISICIÓN DE INSUMOS
A14: Código | B14: Concepto | C14: Unidad | D14: Cantidad | E14: Costo con Número | F14: Costo con letra | G14: Importe
B15: PAVIMENTO
A16: MASF0003 | B16: EMULSION CATIONICA DE ROMPIMIENTO RAPIDO (ECR) , DE ACUERDO CON LA NORMA DE LA SCT N-CMT-4-05-001 VIGENTE. (PUESTOS EN EL SITIO DE LOS TRABAJOS) | C16: L | D16: 768.73
A17: MASFPG64-22P | B17: ADQUISICIÓN DE CARPETA DE CONCRETO ASFALTICO CON CEMENTO ASFALTICO GRADO PG 64-22 ELABORADA EN PLANTA MEZCLA EN CALIENTE TIPO DENSA. (MEZCLA ASFÁLTICA SUELTA PUESTA EN EL SITIO DE LOS TRABAJOS). DE ACUERDO CON LA NORMA DE LA SCT N-CMT-4-05-003 VIGENTE. | C17: M3 | D17: 46.12
B18: SUBTOTAL PAVIMENTO
B19: SEÑALAMIENTO
A20: MPIN0001 | B20: PINTURA TRAFICO AMARILLO Y/O BLANCO, BASE AGUA, TIPO II, EN TAMBOS DE 200 L O CUBETA DE 19 L, DE ACUERDO A LA NORMA DE LA SICT N·CMT·5·01·001/13, PUESTA EN ALMACENES DE LA SUBSECRETARÍA DE COMUNICACIONES. | C20: L | D20: 26
B21: SUBTOTAL SEÑALAMIENTO
F25: SUBTOTAL
F26: 16 % I.V.A.
F27: TOTAL
F28: (IMPORTE TOTAL CON LETRA)
B29: NOTA: EN PAPELERIA MEBRETADA DE LA EMPRESA Y FIRMADO POR EL REPRESENTANTE LEGAL
B30: LOS BIENES SERÁN ENTREGADOS CONFORME LO REQUIERA EL ÁREA SOLICITANTE RESPETANDO EL PERIODO SEÑALADO

Sheet 9.4 T
A1: GOBIERNO DEL ESTADO DE ZACATECAS
A8: LICITACIÓN No: | B8: EA-932063953-SOP054-2023
A9: PROYECTO: | B9: REHABILITACIÓN DE CALLE CON PAVIMENTACIÓN DE CONCRETO ASFÁLTICO, EN GUADALUPE , LOCALIDAD GUADALUPE, ASENTAMIENTO CAMPO BRAVO, ZAP 0703, EN CALLE SAN ANTONIO DE TRIANA CON 663.86 M2, PARA BENEFICIO DE 27 VIVIENDAS.
A10: UBICACIÓN: | B10: GUADALUPE, ZAC.
A12: LISTADO DE ADQUISICIÓN DE INSUMOS
A14: Código | B14: Concepto | C14: Unidad | D14: Cantidad | E14: Costo con Número | F14: Costo con letra | G14: Importe
B16: PAVIMENTO
A17: MASF0003 | B17: EMULSION CATIONICA DE ROMPIMIENTO RAPIDO (ECR) , DE ACUERDO CON LA NORMA DE LA SCT N-CMT-4-05-001 VIGENTE. (PUESTOS EN EL SITIO DE LOS TRABAJOS) | C17: L | D17: 663.86
A18: MASFPG64-22P | B18: ADQUISICIÓN DE CARPETA DE CONCRETO ASFALTICO CON CEMENTO ASFALTICO GRADO PG 64-22 ELABORADA EN PLANTA MEZCLA EN CALIENTE TIPO DENSA. (MEZCLA ASFÁLTICA SUELTA PUESTA EN EL SITIO DE LOS TRABAJOS). DE ACUERDO CON LA NORMA DE LA SCT N-CMT-4-05-003 VIGENTE. | C18: M3 | D18: 39.83
B19: SUBTOTAL PAVIMENTO
B20: SEÑALAMIENTO
A21: MPIN0001 | B21: PINTURA TRAFICO AMARILLO Y/O BLANCO, BASE AGUA, TIPO II, EN TAMBOS DE 200 L O CUBETA DE 19 L, DE ACUERDO A LA NORMA DE LA SICT N·CMT·5·01·001/13, PUESTA EN ALMACENES DE LA SUBSECRETARÍA DE COMUNICACIONES. | C21: L | D21: 41
B22: SUBTOTAL SEÑALAMIENTO
F25: SUBTOTAL
F26: 16 % I.V.A.
F27: TOTAL
F28: (IMPORTE TOTAL CON LETRA)
B29: NOTA: EN PAPELERIA MEBRETADA DE LA EMPRESA Y FIRMADO POR EL REPRESENTANTE LEGAL
B30: LOS BIENES SERÁN ENTREGADOS CONFORME LO REQUIERA EL ÁREA SOLICITANTE RESPETANDO EL PERIODO SEÑALADO

Sheet 10 PM
A1: GOBIERNO DEL ESTADO DE ZACATECAS
A8: LICITACIÓN No: | B8: EA-932063953-SOP054-2023
A9: PROYECTO: | B9: CONSTRUCCIÓN DE CALLE CON PAVIMENTACIÓN DE CONCRETO ASFÁLTICO, EN GUADALUPE, LOCALIDAD TACOALECHE, ZAP 0309, EN CALLE PROLONGACIÓN DE MORELOS TRAMO DOS, CON 199.57 M2, PARA BENEFICIO DE 20 VIVIENDAS.
A10: UBICACIÓN: | B10: GUADALUPE, ZAC.
A12: LISTADO DE ADQUISICIÓN DE INSUMOS
A14: Código | B14: Concepto | C14: Unidad | D14: Cantidad | E14: Costo con Número | F14: Costo con letra | G14: Importe
B16: PAVIMENTO
A17: MASF0003 | B17: EMULSION CATIONICA DE ROMPIMIENTO RAPIDO (ECR) , DE ACUERDO CON LA NORMA DE LA SCT N-CMT-4-05-001 VIGENTE. (PUESTOS EN EL SITIO DE LOS TRABAJOS) | C17: L | D17: 199.57
A18: MASF0004 | B18: EMULSION ASFALTICA CATIONICA DE ROMPIMIENTO LENTO (ECL) DE ACUERDO CON LA NORMA DE LA SCT N-CMT-4-05-001 VIGENTE. (PUESTOS EN EL SITIO DE LOS TRABAJOS) | C18: L | D18: 339.27
A19: MASFPG64-22P | B19: ADQUISICIÓN DE CARPETA DE CONCRETO ASFALTICO CON CEMENTO ASFALTICO GRADO PG 64-22 ELABORADA EN PLANTA MEZCLA EN CALIENTE TIPO DENSA. (MEZCLA ASFÁLTICA SUELTA PUESTA EN EL SITIO DE LOS TRABAJOS). DE ACUERDO CON LA NORMA DE LA SCT N-CMT-4-05-003 VIGENTE. | C19: M3 | D19: 11.97
B20: SUBTOTAL PAVIMENTO
B21: SEÑALAMIENTO
A22: MPIN0001 | B22: PINTURA TRAFICO AMARILLO Y/O BLANCO, BASE AGUA, TIPO II, EN TAMBOS DE 200 L O CUBETA DE 19 L, DE ACUERDO A LA NORMA DE LA SICT N·CMT·5·01·001/13, PUESTA EN ALMACENES DE LA SUBSECRETARÍA DE COMUNICACIONES. | C22: L | D22: 7
B23: SUBTOTAL SEÑALAMIENTO
F26: SUBTOTAL
F27: 16 % I.V.A.
F28: TOTAL
F29: (IMPORTE TOTAL CON LETRA)
B30: NOTA: EN PAPELERIA MEBRETADA DE LA EMPRESA Y FIRMADO POR EL REPRESENTANTE LEGAL
B31: LOS BIENES SERÁN ENTREGADOS CONFORME LO REQUIERA EL ÁREA SOLICITANTE RESPETANDO EL PERIODO SEÑALADO

Sheet 11 V
A1: GOBIERNO DEL ESTADO DE ZACATECAS
A8: LICITACIÓN No: | B8: EA-932063953-SOP054-2023
A9: PROYECTO: | B9: REHABILITACIÓN DE CALLE CON PAVIMENTACIÓN DE CONCRETO ASFÁLTICO, EN GUADALUPE , LOCALIDAD TACOALECHE, ZAP 0309, EN CALLE VICTOR ROSALES CON 2,817.30 M2, PARA BENEFICIO DE 25 VIVIENDAS.
A10: UBICACIÓN: | B10: GUADALUPE, ZAC.
A12: LISTADO DE ADQUISICIÓN DE INSUMOS
A14: Código | B14: Concepto | C14: Unidad | D14: Cantidad | E14: Costo con Número | F14: Costo con letra | G14: Importe
B16: PAVIMENTO
A17: MASF0003 | B17: EMULSION CATIONICA DE ROMPIMIENTO RAPIDO (ECR) , DE ACUERDO CON LA NORMA DE LA SCT N-CMT-4-05-001 VIGENTE. (PUESTOS EN EL SITIO DE LOS TRABAJOS) | C17: L | D17: 2817.3
A18: MASFPG64-22P | B18: ADQUISICIÓN DE CARPETA DE CONCRETO ASFALTICO CON CEMENTO ASFALTICO GRADO PG 64-22 ELABORADA EN PLANTA MEZCLA EN CALIENTE TIPO DENSA. (MEZCLA ASFÁLTICA SUELTA PUESTA EN EL SITIO DE LOS TRABAJOS). DE ACUERDO CON LA NORMA DE LA SCT N-CMT-4-05-003 VIGENTE. | C18: M3 | D18: 169.04
B19: SUBTOTAL PAVIMENTO
B21: SEÑALAMIENTO
A22: MPIN0001 | B22: PINTURA TRAFICO AMARILLO Y/O BLANCO, BASE AGUA, TIPO II, EN TAMBOS DE 200 L O CUBETA DE 19 L, DE ACUERDO A LA NORMA DE LA SICT N·CMT·5·01·001/13, PUESTA EN ALMACENES DE LA SUBSECRETARÍA DE COMUNICACIONES. | C22: L | D22: 77
B23: SUBTOTAL SEÑALAMIENTO
F27: SUBTOTAL
F28: 16 % I.V.A.
F29: TOTAL
F30: (IMPORTE TOTAL CON LETRA)
B31: NOTA: EN PAPELERIA MEBRETADA DE LA EMPRESA Y FIRMADO POR EL REPRESENTANTE LEGAL
B32: LOS BIENES SERÁN ENTREGADOS CONFORME LO REQUIERA EL ÁREA SOLICITANTE RESPETANDO EL PERIODO SEÑALADO

Sheet 12 M1
A1: GOBIERNO DEL ESTADO DE ZACATECAS
A8: LICITACIÓN No: | B8: EA-932063953-SOP054-2023
A9: PROYECTO: | B9: REHABILITACIÓN DE CALLE CON PAVIMENTACIÓN DE CONCRETO ASFÁLTICO, EN GUADALUPE , LOCALIDAD TACOALECHE, ZAP 0309, EN CALLE PROLONGACIÓN DE MORELOS TRAMO UNO, CON 5,523.90 M2, PARA BENEFICIO DE 35 VIVIENDAS.
A10: UBICACIÓN: | B10: GUADALUPE, ZAC.
A12: LISTADO DE ADQUISICIÓN DE INSUMOS
A14: Código | B14: Concepto | C14: Unidad | D14: Cantidad | E14: Costo con Número | F14: Costo con letra | G14: Importe
B16: PAVIMENTO
A17: MASF0003 | B17: EMULSION CATIONICA DE ROMPIMIENTO RAPIDO (ECR) , DE ACUERDO CON LA NORMA DE LA SCT N-CMT-4-05-001 VIGENTE. (PUESTOS EN EL SITIO DE LOS TRABAJOS) | C17: L | D17: 5523.899
A18: MASFPG64-22P | B18: ADQUISICIÓN DE CARPETA DE CONCRETO ASFALTICO CON CEMENTO ASFALTICO GRADO PG 64-22 ELABORADA EN PLANTA MEZCLA EN CALIENTE TIPO DENSA. (MEZCLA ASFÁLTICA SUELTA PUESTA EN EL SITIO DE LOS TRABAJOS). DE ACUERDO CON LA NORMA DE LA SCT N-CMT-4-05-003 VIGENTE. | C18: M3 | D18: 331.43
B19: SUBTOTAL PAVIMENTO
B20: SEÑALAMIENTO
A21: MPIN0001 | B21: PINTURA TRAFICO AMARILLO Y/O BLANCO, BASE AGUA, TIPO II, EN TAMBOS DE 200 L O CUBETA DE 19 L, DE ACUERDO A LA NORMA DE LA SICT N·CMT·5·01·001/13, PUESTA EN ALMACENES DE LA SUBSECRETARÍA DE COMUNICACIONES. | C21: L | D21: 133
B22: SUBTOTAL SEÑALAMIENTO
F26: SUBTOTAL
F27: 16 % I.V.A.
F28: TOTAL
F29: (IMPORTE TOTAL CON LETRA)
B30: NOTA: EN PAPELERIA MEBRETADA DE LA EMPRESA Y FIRMADO POR EL REPRESENTANTE LEGAL
B31: LOS BIENES SERÁN ENTREGADOS CONFORME LO REQUIERA EL ÁREA SOLICITANTE RESPETANDO EL PERIODO SEÑALADO

Sheet 13 N
A1: GOBIERNO DEL ESTADO DE ZACATECAS
A8: LICITACIÓN No: | B8: EA-932063953-SOP054-2023
A9: PROYECTO: | B9: REHABILITACIÓN DE CALLE CON PAVIMENTACIÓN DE CONCRETO ASFÁLTICO, EN GUADLAUPE, LOCALIDAD GUADALUPE, ASENTAMIENTO VILLAS DE GUADLUPE , ZAP 2220,EN CALLE CIRCUITO NORIAS, PARA BENEFICIO DE 22 VIVIENDAS
A10: UBICACIÓN: | B10: GUADALUPE, ZAC.
A12: LISTADO DE ADQUISICIÓN DE INSUMOS
A14: Código | B14: Concepto | C14: Unidad | D14: Cantidad | E14: Costo con Número | F14: Costo con letra | G14: Importe
B16: PAVIMENTO
A17: MASF0003 | B17: EMULSION CATIONICA DE ROMPIMIENTO RAPIDO (ECR) , DE ACUERDO CON LA NORMA DE LA SCT N-CMT-4-05-001 VIGENTE. (PUESTOS EN EL SITIO DE LOS TRABAJOS) | C17: L | D17: 4293.84
A18: MASFPG64-22P | B18: ADQUISICIÓN DE CARPETA DE CONCRETO ASFALTICO CON CEMENTO ASFALTICO GRADO PG 64-22 ELABORADA EN PLANTA MEZCLA EN CALIENTE TIPO DENSA. (MEZCLA ASFÁLTICA SUELTA PUESTA EN EL SITIO DE LOS TRABAJOS). DE ACUERDO CON LA NORMA DE LA SCT N-CMT-4-05-003 VIGENTE. | C18: M3 | D18: 257.63
B19: SUBTOTAL PAVIMENTO
B20: SEÑALAMIENTO
A21: MPIN0001 | B21: PINTURA TRAFICO AMARILLO Y/O BLANCO, BASE AGUA, TIPO II, EN TAMBOS DE 200 L O CUBETA DE 19 L, DE ACUERDO A LA NORMA DE LA SICT N·CMT·5·01·001/13, PUESTA EN ALMACENES DE LA SUBSECRETARÍA DE COMUNICACIONES. | C21: L | D21: =102+19 -> 121
B22: SUBTOTAL SEÑALAMIENTO
F25: SUBTOTAL
F26: 16 % I.V.A.
F27: TOTAL
F28: (IMPORTE TOTAL CON LETRA)
B29: NOTA: EN PAPELERIA MEBRETADA DE LA EMPRESA Y FIRMADO POR EL REPRESENTANTE LEGAL
B30: LOS BIENES SERÁN ENTREGADOS CONFORME LO REQUIERA EL ÁREA SOLICITANTE RESPETANDO EL PERIODO SEÑALADO

Sheet 14 F
A1: GOBIERNO DEL ESTADO DE ZACATECAS
A8: LICITACIÓN No: | B8: EA-932063953-SOP054-2023
A9: PROYECTO: | B9: REHABILITACIÓN DE CALLES CON PAVIMENTACIÓN DE CONCRETO ASFÁLTICO, EN GUADALUPE, LOCALIDAD GUADALUPE, ASENTAMIENTO EJIDAL ZAP 690, CALLE FRONTERA, PARA BENEFICIO DE 14 VIVIENDAS
A10: UBICACIÓN: | B10: GUADALUPE, ZAC.
A12: LISTADO DE ADQUISICIÓN DE INSUMOS
A14: Código | B14: Concepto | C14: Unidad | D14: Cantidad | E14: Costo con Número | F14: Costo con letra | G14: Importe
B16: PAVIMENTO
A17: MASF0003 | B17: EMULSION CATIONICA DE ROMPIMIENTO RAPIDO (ECR) , DE ACUERDO CON LA NORMA DE LA SCT N-CMT-4-05-001 VIGENTE. (PUESTOS EN EL SITIO DE LOS TRABAJOS) | C17: L | D17: 466.24
A18: MASFPG64-22P | B18: ADQUISICIÓN DE CARPETA DE CONCRETO ASFALTICO CON CEMENTO ASFALTICO GRADO PG 64-22 ELABORADA EN PLANTA MEZCLA EN CALIENTE TIPO DENSA. (MEZCLA ASFÁLTICA SUELTA PUESTA EN EL SITIO DE LOS TRABAJOS). DE ACUERDO CON LA NORMA DE LA SCT N-CMT-4-05-003 VIGENTE. | C18: M3 | D18: 27.97
B19: SUBTOTAL PAVIMENTO
B20: SEÑALAMIENTO
A21: MPIN0001 | B21: PINTURA TRAFICO AMARILLO Y/O BLANCO, BASE AGUA, TIPO II, EN TAMBOS DE 200 L O CUBETA DE 19 L, DE ACUERDO A LA NORMA DE LA SICT N·CMT·5·01·001/13, PUESTA EN ALMACENES DE LA SUBSECRETARÍA DE COMUNICACIONES. | C21: L | D21: 15
B22: SUBTOTAL SEÑALAMIENTO
F26: SUBTOTAL
F27: 16 % I.V.A.
F28: TOTAL
F29: (IMPORTE TOTAL CON LETRA)
B30: NOTA: EN PAPELERIA MEBRETADA DE LA EMPRESA Y FIRMADO POR EL REPRESENTANTE LEGAL
B31: LOS BIENES SERÁN ENTREGADOS CONFORME LO REQUIERA EL ÁREA SOLICITANTE RESPETANDO EL PERIODO SEÑALADO

Sheet PROYECTO 1
A1: GOBIERNO DEL ESTADO DE ZACATECAS
A9: PROYECTO: | B9: REHABILITACIÓN DE CALLE CON PAVIMENTACIÓN DE CONCRETO ASFÁLTICO, EN GUADALUPE, LOCALIDAD GUADALUPE, ASENTAMIENTO CONQUISTADORES, ZAP 2343 EN VARIAS CALLES , PARA BENEFICIO DE LOS HABITANTES
A10: UBICACIÓN: | B10: GUADALUPE, ZAC.
A12: PRESUPUESTO DE ADQUISICIÓN DE INSUMOS
A14: Código | B14: Concepto | C14: Unidad | D14: Cantidad | E14: Costo Unitario | F14: Importe
B16: PRELIMINARES
A17: 108LETRERO2 | B17: SUMINISTRO DE LETRERO ALUSIVO A LA OBRA A BASE DE PERFIL TUBULAR PTR DE 2"X2" Y LÁMINA LISA EN SECCIÓN DE 1.20 X 1.50 M. Y UNA ALTURA TOTAL DE 2.50 + 0.50 M DE EMPOTRAMIENTO EN EL QUE DEBE INCLUIR: MUNICIPIO, LOCALIDAD, NOMBRE DE LA OBRA, MONTOS DE INVERSIÓN, LA NATURALEZA DL RECURSO (FISM - FISE) Y TOTAL DE BENEFICIARIOS. INLUYE PINTURA Y ROTULACIÓN DE LOGOTIPOS OFICIALES Y EN SU CASO LAS ACCIONES EN VIVIENDAS BENEFICIADAS, LA PLACA O CALCOMANÍA ALUSIVA AL MENOS DE 20 CM POR 40 CM, CON LOS LOGOTIPOS OFICIALES, DONDE DEBERÁN SEÑALAR LA VIVIENDA BENEFICIADA CON LA OBRA O ACCIÓN RECIBIDA Y NATURALEZA DEL RECURSO (FISE/FISM). L.A.B. EN EL SITIO DE LOS TRABAJOS. | C17: PZA | D17: 1 | E17: 3787 | F17: =+ROUND(D17*E17,2) -> 3787
B18: SUBTOTAL PRELIMINARES | F18: =SUM(F17) -> 3787
B19: PAVIMENTO
A20: MASF0003 | B20: EMULSION CATIONICA DE ROMPIMIENTO RAPIDO (ECR) , DE ACUERDO CON LA NORMA DE LA SCT N-CMT-4-05-001 VIGENTE. (PUESTOS EN CABECERA MUNICIPAL CORRESPONDIENTE) | C20: L | D20: 3656.88 | E20: =+'EST. MCDO'!G22 -> 13.69 | F20: =+ROUND(D20*E20,2) -> 50062.69
A21: MASFPG64-22P | B21: ADQUISICIÓN DE CARPETA DE CONCRETO ASFALTICO CON CEMENTO ASFALTICO GRADO PG 64-22 ELABORADA EN PLANTA MEZCLA EN CALIENTE TIPO DENSA. (MEZCLA ASFÁLTICA SUELTA PUESTA EN CABECERA MUNICIPAL CORRESPONDIENTE). DE ACUERDO CON LA NORMA DE LA SCT N-CMT-4-05-003 VIGENTE. | C21: M3 | D21: ='5.1 NE'!D18+'5.2 B'!D18+'5.3 CO'!D17 -> 219.41 | E21: =+'EST. MCDO'!G24 -> 2663.13 | F21: =+ROUND(D21*E21,2) -> 584317.35
B22: SUBTOTAL PAVIMENTO | F22: =SUM(F20:F21) -> 634380.04
B24: SEÑALAMIENTO
A25: MPIN0001 | B25: PINTURA TRAFICO AMARILLO Y/O BLANCO, BASE AGUA, TIPO II, EN TAMBOS DE 200 L O CUBETA DE 19 L, DE ACUERDO A LA NORMA DE LA SICT N·CMT·5·01·001/13, PUESTA EN ALMACENES DE LA SUBSECRETARÍA DE COMUNICACIONES. | C25: L | D25: ='5.1 NE'!D21+'5.2 B'!D21+'5.3 CO'!D20 -> 111 | E25: =+EST.MCDO.PIN.!G23 -> 116.69 | F25: =+ROUND(D25*E25,2) -> 12952.59
B26: SUBTOTAL SEÑALAMIENTO | F26: =SUM(F25) -> 12952.59
E29: SUMA: | F29: =+F18+F22+F26 -> 651119.63
E30: 16 % I.V.A. | F30: =+ROUND(F29*0.16,2) -> 104179.14
E31: TOTAL | F31: =+F29+F30 -> 755298.77
A34: C. Eduardo Quintero Pinedo Arq. Manuel Alfonso Acuña Borda | E34: Ing. Carlos Rodríguez Limas
A35: Director de Costos y Presupuestos Subsecretario de Proyectos y Costos | E35: Subdirector de Validación y Costos

Sheet PROYECTO 2
A1: GOBIERNO DEL ESTADO DE ZACATECAS
A9: PROYECTO: | B9: REHABILITACIÓN DE CALLE CON PAVIMENTACIÓN DE CONCRETO ASFÁLTICO, EN GUADLAUPE, LOCALIDAD GUADALUPE, ASENTAMIENTO VARIAS , ZAP 652 Y 0703 EN 4 CALLES, PARA BENEFICIO DE LOS HABITANTES
A10: UBICACIÓN: | B10: GUADALUPE, ZAC.
A12: PRESUPUESTO DE ADQUISICIÓN DE INSUMOS
A14: Código | B14: Concepto | C14: Unidad | D14: Cantidad | E14: Costo Unitario | F14: Importe
B16: PRELIMINARES
A17: 108LETRERO2 | B17: SUMINISTRO DE LETRERO ALUSIVO A LA OBRA A BASE DE PERFIL TUBULAR PTR DE 2"X2" Y LÁMINA LISA EN SECCIÓN DE 1.20 X 1.50 M. Y UNA ALTURA TOTAL DE 2.50 + 0.50 M DE EMPOTRAMIENTO EN EL QUE DEBE INCLUIR: MUNICIPIO, LOCALIDAD, NOMBRE DE LA OBRA, MONTOS DE INVERSIÓN, LA NATURALEZA DL RECURSO (FISM - FISE) Y TOTAL DE BENEFICIARIOS. INLUYE PINTURA Y ROTULACIÓN DE LOGOTIPOS OFICIALES Y EN SU CASO LAS ACCIONES EN VIVIENDAS BENEFICIADAS, LA PLACA O CALCOMANÍA ALUSIVA AL MENOS DE 20 CM POR 40 CM, CON LOS LOGOTIPOS OFICIALES, DONDE DEBERÁN SEÑALAR LA VIVIENDA BENEFICIADA CON LA OBRA O ACCIÓN RECIBIDA Y NATURALEZA DEL RECURSO (FISE/FISM). L.A.B. EN EL SITIO DE LOS TRABAJOS. | C17: PZA | D17: 1 | E17: 3787 | F17: =+ROUND(D17*E17,2) -> 3787
B18: SUBTOTAL PRELIMINARES | F18: =SUM(F17) -> 3787
B19: PAVIMENTO
A20: MASF0003 | B20: EMULSION CATIONICA DE ROMPIMIENTO RAPIDO (ECR) , DE ACUERDO CON LA NORMA DE LA SCT N-CMT-4-05-001 VIGENTE. (PUESTOS EN CABECERA MUNICIPAL CORRESPONDIENTE) | C20: L | D20: 2459.15 | E20: =+'EST. MCDO'!G22 -> 13.69 | F20: =+ROUND(D20*E20,2) -> 33665.76
A21: MASFPG64-22P | B21: ADQUISICIÓN DE CARPETA DE CONCRETO ASFALTICO CON CEMENTO ASFALTICO GRADO PG 64-22 ELABORADA EN PLANTA MEZCLA EN CALIENTE TIPO DENSA. (MEZCLA ASFÁLTICA SUELTA PUESTA EN CABECERA MUNICIPAL CORRESPONDIENTE). DE ACUERDO CON LA NORMA DE LA SCT N-CMT-4-05-003 VIGENTE. | C21: M3 | D21: ='9.1 L'!D18+'9.2 I'!D18+'9.3 I'!D17+'9.4 T'!D18 -> 147.55 | E21: =+'EST. MCDO'!G24 -> 2663.13 | F21: =+ROUND(D21*E21,2) -> 392944.83
B22: SUBTOTAL PAVIMENTO | F22: =SUM(F20:F21) -> 426610.59
B24: SEÑALAMIENTO
A25: MPIN0001 | B25: PINTURA TRAFICO AMARILLO Y/O BLANCO, BASE AGUA, TIPO II, EN TAMBOS DE 200 L O CUBETA DE 19 L, DE ACUERDO A LA NORMA DE LA SICT N·CMT·5·01·001/13, PUESTA EN ALMACENES DE LA SUBSECRETARÍA DE COMUNICACIONES. | C25: L | D25: ='9.1 L'!D21+'9.2 I'!D21+'9.3 I'!D20+'9.4 T'!D21 -> 99 | E25: =+EST.MCDO.PIN.!G23 -> 116.69 | F25: =+ROUND(D25*E25,2) -> 11552.31
B26: SUBTOTAL SEÑALAMIENTO | F26: =SUM(F25) -> 11552.31
E29: SUMA: | F29: =+F18+F22+F26 -> 441949.9
E30: 16 % I.V.A. | F30: =+ROUND(F29*0.16,2) -> 70711.98
E31: TOTAL | F31: =+F29+F30 -> 512661.88
A34: C. Eduardo Quintero Pinedo Arq. Manuel Alfonso Acuña Borda | E34: Ing. Carlos Rodríguez Limas
A35: Director de Costos y Presupuestos Subsecretario de Proyectos y Costos | E35: Subdirector de Validación y Costos

Sheet PROYECTO 3
A1: GOBIERNO DEL ESTADO DE ZACATECAS
A9: PROYECTO: | B9: REHABILITACIÓN DE CALLE CON PAVIMENTACIÓN DE CONCRETO ASFÁLTICO EN GUADALUPE LOCALIDAD TACOALECHE ZAP 309 EN CALLE PROLONGACIÓN DE MORELOS TRAMO UNO Y VICTOR ROSALES PARA BENEFICIO DE LOS HABITANTES
A10: UBICACIÓN: | B10: GUADALUPE, ZAC.
A12: PRESUPUESTO DE ADQUISICIÓN DE INSUMOS
A14: Código | B14: Concepto | C14: Unidad | D14: Cantidad | E14: Costo Unitario | F14: Importe
B16: PRELIMINARES
A17: 108LETRERO2 | B17: SUMINISTRO DE LETRERO ALUSIVO A LA OBRA A BASE DE PERFIL TUBULAR PTR DE 2"X2" Y LÁMINA LISA EN SECCIÓN DE 1.20 X 1.50 M. Y UNA ALTURA TOTAL DE 2.50 + 0.50 M DE EMPOTRAMIENTO EN EL QUE DEBE INCLUIR: MUNICIPIO, LOCALIDAD, NOMBRE DE LA OBRA, MONTOS DE INVERSIÓN, LA NATURALEZA DL RECURSO (FISM - FISE) Y TOTAL DE BENEFICIARIOS. INLUYE PINTURA Y ROTULACIÓN DE LOGOTIPOS OFICIALES Y EN SU CASO LAS ACCIONES EN VIVIENDAS BENEFICIADAS, LA PLACA O CALCOMANÍA ALUSIVA AL MENOS DE 20 CM POR 40 CM, CON LOS LOGOTIPOS OFICIALES, DONDE DEBERÁN SEÑALAR LA VIVIENDA BENEFICIADA CON LA OBRA O ACCIÓN RECIBIDA Y NATURALEZA DEL RECURSO (FISE/FISM). L.A.B. EN EL SITIO DE LOS TRABAJOS. | C17: PZA | D17: 1 | E17: 3787 | F17: =+ROUND(D17*E17,2) -> 3787
B18: SUBTOTAL PRELIMINARES | F18: =SUM(F17) -> 3787
B19: PAVIMENTO
A20: MASF0003 | B20: EMULSION CATIONICA DE ROMPIMIENTO RAPIDO (ECR) , DE ACUERDO CON LA NORMA DE LA SCT N-CMT-4-05-001 VIGENTE. (PUESTOS EN CABECERA MUNICIPAL CORRESPONDIENTE) | C20: L | D20: 8341.2 | E20: =+'EST. MCDO'!G22 -> 13.69 | F20: =+ROUND(D20*E20,2) -> 114191.03
A21: MASFPG64-22P | B21: ADQUISICIÓN DE CARPETA DE CONCRETO ASFALTICO CON CEMENTO ASFALTICO GRADO PG 64-22 ELABORADA EN PLANTA MEZCLA EN CALIENTE TIPO DENSA. (MEZCLA ASFÁLTICA SUELTA PUESTA EN CABECERA MUNICIPAL CORRESPONDIENTE). DE ACUERDO CON LA NORMA DE LA SCT N-CMT-4-05-003 VIGENTE. | C21: M3 | D21: 500.47 | E21: =+'EST. MCDO'!G24 -> 2663.13 | F21: =+ROUND(D21*E21,2) -> 1332816.7
B22: SUBTOTAL PAVIMENTO | F22: =SUM(F20:F21) -> 1447007.7
B24: SEÑALAMIENTO
A25: MPIN0001 | B25: PINTURA TRAFICO AMARILLO Y/O BLANCO, BASE AGUA, TIPO II, EN TAMBOS DE 200 L O CUBETA DE 19 L, DE ACUERDO A LA NORMA DE LA SICT N·CMT·5·01·001/13, PUESTA EN ALMACENES DE LA SUBSECRETARÍA DE COMUNICACIONES. | C25: L | D25: ='11 V'!D22+'12 M1'!D21 -> 210 | E25: =+EST.MCDO.PIN.!G23 -> 116.69 | F25: =+ROUND(D25*E25,2) -> 24504.9
B26: SUBTOTAL SEÑALAMIENTO | F26: =SUM(F25) -> 24504.9
E29: SUMA: | F29: =+F18+F22+F26 -> 1475299.6
E30: 16 % I.V.A. | F30: =+ROUND(F29*0.16,2) -> 236047.94
E31: TOTAL | F31: =+F29+F30 -> 1711347.5
A34: C. Eduardo Quintero Pinedo Arq. Manuel Alfonso Acuña Borda | E34: Ing. Carlos Rodríguez Limas
A35: Director de Costos y Presupuestos Subsecretario de Proyectos y Costos | E35: Subdirector de Validación y Costos

Sheet PROYECTO 4
A1: GOBIERNO DEL ESTADO DE ZACATECAS
A9: PROYECTO: | B9: REHABILITACIÓN DE CALLE CON PAVIMENTACIÓN DE CONCRETO ASFÁLTICO EN GUADALUPE LOCALIDAD GUADALUPE ASENTAMIENTO CONVENTOS II Y PROLONGACIÓN LA FÉ ZAP 2080 Y 1646 EN CALLE SANTO DOMINGO Y SANTA LUCIA PARA EL BENEFICIO DE LOS HABITANTES
A10: UBICACIÓN: | B10: GUADALUPE, ZAC.
A12: PRESUPUESTO DE ADQUISICIÓN DE INSUMOS
A14: Código | B14: Concepto | C14: Unidad | D14: Cantidad | E14: Costo Unitario | F14: Importe
B16: PRELIMINARES
A17: 108LETRERO2 | B17: SUMINISTRO DE LETRERO ALUSIVO A LA OBRA A BASE DE PERFIL TUBULAR PTR DE 2"X2" Y LÁMINA LISA EN SECCIÓN DE 1.20 X 1.50 M. Y UNA ALTURA TOTAL DE 2.50 + 0.50 M DE EMPOTRAMIENTO EN EL QUE DEBE INCLUIR: MUNICIPIO, LOCALIDAD, NOMBRE DE LA OBRA, MONTOS DE INVERSIÓN, LA NATURALEZA DL RECURSO (FISM - FISE) Y TOTAL DE BENEFICIARIOS. INLUYE PINTURA Y ROTULACIÓN DE LOGOTIPOS OFICIALES Y EN SU CASO LAS ACCIONES EN VIVIENDAS BENEFICIADAS, LA PLACA O CALCOMANÍA ALUSIVA AL MENOS DE 20 CM POR 40 CM, CON LOS LOGOTIPOS OFICIALES, DONDE DEBERÁN SEÑALAR LA VIVIENDA BENEFICIADA CON LA OBRA O ACCIÓN RECIBIDA Y NATURALEZA DEL RECURSO (FISE/FISM). L.A.B. EN EL SITIO DE LOS TRABAJOS. | C17: PZA | D17: 1 | E17: 3787 | F17: =+ROUND(D17*E17,2) -> 3787
B18: SUBTOTAL PRELIMINARES | F18: =SUM(F17) -> 3787
B19: PAVIMENTO
A20: MASF0003 | B20: EMULSION CATIONICA DE ROMPIMIENTO RAPIDO (ECR) , DE ACUERDO CON LA NORMA DE LA SCT N-CMT-4-05-001 VIGENTE. (PUESTOS EN CABECERA MUNICIPAL CORRESPONDIENTE) | C20: L | D20: 2549.92 | E20: =+'EST. MCDO'!G22 -> 13.69 | F20: =+ROUND(D20*E20,2) -> 34908.4
A21: MASFPG64-22P | B21: ADQUISICIÓN DE CARPETA DE CONCRETO ASFALTICO CON CEMENTO ASFALTICO GRADO PG 64-22 ELABORADA EN PLANTA MEZCLA EN CALIENTE TIPO DENSA. (MEZCLA ASFÁLTICA SUELTA PUESTA EN CABECERA MUNICIPAL CORRESPONDIENTE). DE ACUERDO CON LA NORMA DE LA SCT N-CMT-4-05-003 VIGENTE. | C21: M3 | D21: ='7.2 SD'!D18+'7.1 L'!D18 -> 152.99 | E21: =+'EST. MCDO'!G24 -> 2663.13 | F21: =+ROUND(D21*E21,2) -> 407432.26
B22: SUBTOTAL PAVIMENTO | F22: =SUM(F20:F21) -> 442340.66
B24: SEÑALAMIENTO
A25: MPIN0001 | B25: PINTURA TRAFICO AMARILLO Y/O BLANCO, BASE AGUA, TIPO II, EN TAMBOS DE 200 L O CUBETA DE 19 L, DE ACUERDO A LA NORMA DE LA SICT N·CMT·5·01·001/13, PUESTA EN ALMACENES DE LA SUBSECRETARÍA DE COMUNICACIONES. | C25: L | D25: ='7.2 SD'!D21+'7.1 L'!D21 -> 75 | E25: =+EST.MCDO.PIN.!G23 -> 116.69 | F25: =+ROUND(D25*E25,2) -> 8751.75
B26: SUBTOTAL SEÑALAMIENTO | F26: =SUM(F25) -> 8751.75
E29: SUMA: | F29: =+F18+F22+F26 -> 454879.41
E30: 16 % I.V.A. | F30: =+ROUND(F29*0.16,2) -> 72780.71
E31: TOTAL | F31: =+F29+F30 -> 527660.12
A34: C. Eduardo Quintero Pinedo Arq. Manuel Alfonso Acuña Borda | E34: Ing. Carlos Rodríguez Limas
A35: Director de Costos y Presupuestos Subsecretario de Proyectos y Costos | E35: Subdirector de Validación y Costos

Sheet PROYECTO 5
A1: GOBIERNO DEL ESTADO DE ZACATECAS
A9: PROYECTO: | B9: CONSTRUCCIÓN DE CALLE CON PAVIMENTACIÓN DE CONCRETO ASFÁLTICO EN GUADALUPE LOCALIDAD GUADALUPE ASENTAMIENTO SANTA RITA ZAP 1608 EN CALLES SANTA TERESA Y SANTA RITA PARA BENEFICIO DE LOS HABITANTES
A10: UBICACIÓN: | B10: GUADALUPE, ZAC.
A12: PRESUPUESTO DE ADQUISICIÓN DE INSUMOS
A14: Código | B14: Concepto | C14: Unidad | D14: Cantidad | E14: Costo Unitario | F14: Importe
B16: PRELIMINARES
A17: 108LETRERO2 | B17: SUMINISTRO DE LETRERO ALUSIVO A LA OBRA A BASE DE PERFIL TUBULAR PTR DE 2"X2" Y LÁMINA LISA EN SECCIÓN DE 1.20 X 1.50 M. Y UNA ALTURA TOTAL DE 2.50 + 0.50 M DE EMPOTRAMIENTO EN EL QUE DEBE INCLUIR: MUNICIPIO, LOCALIDAD, NOMBRE DE LA OBRA, MONTOS DE INVERSIÓN, LA NATURALEZA DL RECURSO (FISM - FISE) Y TOTAL DE BENEFICIARIOS. INLUYE PINTURA Y ROTULACIÓN DE LOGOTIPOS OFICIALES Y EN SU CASO LAS ACCIONES EN VIVIENDAS BENEFICIADAS, LA PLACA O CALCOMANÍA ALUSIVA AL MENOS DE 20 CM POR 40 CM, CON LOS LOGOTIPOS OFICIALES, DONDE DEBERÁN SEÑALAR LA VIVIENDA BENEFICIADA CON LA OBRA O ACCIÓN RECIBIDA Y NATURALEZA DEL RECURSO (FISE/FISM). L.A.B. EN EL SITIO DE LOS TRABAJOS. | C17: PZA | D17: 1 | E17: 3787 | F17: =+ROUND(D17*E17,2) -> 3787
B18: SUBTOTAL PRELIMINARES | F18: =SUM(F17) -> 3787
B19: PAVIMENTO
A20: MASF0003 | B20: EMULSION CATIONICA DE ROMPIMIENTO RAPIDO (ECR) , DE ACUERDO CON LA NORMA DE LA SCT N-CMT-4-05-001 VIGENTE. (PUESTOS EN CABECERA MUNICIPAL CORRESPONDIENTE) | C20: L | D20: 1869.29 | E20: =+'EST. MCDO'!G22 -> 13.69 | F20: =+ROUND(D20*E20,2) -> 25590.58
A21: MASFPG64-22P | B21: ADQUISICIÓN DE CARPETA DE CONCRETO ASFALTICO CON CEMENTO ASFALTICO GRADO PG 64-22 ELABORADA EN PLANTA MEZCLA EN CALIENTE TIPO DENSA. (MEZCLA ASFÁLTICA SUELTA PUESTA EN CABECERA MUNICIPAL CORRESPONDIENTE). DE ACUERDO CON LA NORMA DE LA SCT N-CMT-4-05-003 VIGENTE. | C21: M3 | D21: ='1.1 ST'!D18+'6.STA.RITA'!D18 -> 112.15 | E21: =+'EST. MCDO'!G24 -> 2663.13 | F21: =+ROUND(D21*E21,2) -> 298670.03
B22: SUBTOTAL PAVIMENTO | F22: =SUM(F20:F21) -> 324260.61
B24: SEÑALAMIENTO
A25: MPIN0001 | B25: PINTURA TRAFICO AMARILLO Y/O BLANCO, BASE AGUA, TIPO II, EN TAMBOS DE 200 L O CUBETA DE 19 L, DE ACUERDO A LA NORMA DE LA SICT N·CMT·5·01·001/13, PUESTA EN ALMACENES DE LA SUBSECRETARÍA DE COMUNICACIONES. | C25: L | D25: ='1.1 ST'!D22+'6.STA.RITA'!D22 -> 43 | E25: =+EST.MCDO.PIN.!G23 -> 116.69 | F25: =+ROUND(D25*E25,2) -> 5017.67
B26: SUBTOTAL SEÑALAMIENTO | F26: =SUM(F25) -> 5017.67
E29: SUMA: | F29: =+F18+F22+F26 -> 333065.28
E30: 16 % I.V.A. | F30: =+ROUND(F29*0.16,2) -> 53290.44
E31: TOTAL | F31: =+F29+F30 -> 386355.72
A34: C. Eduardo Quintero Pinedo Arq. Manuel Alfonso Acuña Borda | E34: Ing. Carlos Rodríguez Limas
A35: Director de Costos y Presupuestos Subsecretario de Proyectos y Costos | E35: Subdirector de Validación y Costos

Sheet 15 K
A1: GOBIERNO DEL ESTADO DE ZACATECAS
A8: LICITACIÓN No: | B8: EA-932063953-SOP054-2023
A9: PROYECTO: | B9: REHABILITACIÓN DE CALLE CON PAVIMENTACIÓN DE CONCRETO ASFÁLTICO EN GUADALUPE LOCALIDAD GUADALUPE ASENTAMIENTO AMPLIACIÓN MINAS ZAP 092A Y 1383 EN CALLE 24 DE DICIEMBRE Y PADRE KINO PARA EL BENEFICIO DE 13 VIVIENDAS
A10: UBICACIÓN: | B10: GUADALUPE, ZAC.
A12: LISTADO DE ADQUISICIÓN DE INSUMOS
A14: Código | B14: Concepto | C14: Unidad | D14: Cantidad | E14: Costo con Número | F14: Costo con letra | G14: Importe
B16: PAVIMENTO
A17: MASF0003 | B17: EMULSION CATIONICA DE ROMPIMIENTO RAPIDO (ECR) , DE ACUERDO CON LA NORMA DE LA SCT N-CMT-4-05-001 VIGENTE. (PUESTOS EN EL SITIO DE LOS TRABAJOS) | C17: L | D17: 4382.92
A18: MASFPG64-22P | B18: ADQUISICIÓN DE CARPETA DE CONCRETO ASFALTICO CON CEMENTO ASFALTICO GRADO PG 64-22 ELABORADA EN PLANTA MEZCLA EN CALIENTE TIPO DENSA. (MEZCLA ASFÁLTICA SUELTA PUESTA EN EL SITIO DE LOS TRABAJOS). DE ACUERDO CON LA NORMA DE LA SCT N-CMT-4-05-003 VIGENTE. | C18: M3 | D18: 262.97
B19: SUBTOTAL PAVIMENTO
B20: SEÑALAMIENTO
A21: MPIN0001 | B21: PINTURA TRAFICO AMARILLO Y/O BLANCO, BASE AGUA, TIPO II, EN TAMBOS DE 200 L O CUBETA DE 19 L, DE ACUERDO A LA NORMA DE LA SICT N·CMT·5·01·001/13, PUESTA EN ALMACENES DE LA SUBSECRETARÍA DE COMUNICACIONES. | C21: L | D21: =56+16 -> 72
B22: SUBTOTAL SEÑALAMIENTO
F25: SUBTOTAL
F26: 16 % I.V.A.
F27: TOTAL
F28: (IMPORTE TOTAL CON LETRA)
B29: NOTA: EN PAPELERIA MEBRETADA DE LA EMPRESA Y FIRMADO POR EL REPRESENTANTE LEGAL
B30: LOS BIENES SERÁN ENTREGADOS CONFORME LO REQUIERA EL ÁREA SOLICITANTE RESPETANDO EL PERIODO SEÑALADO

Sheet 6.STA.RITA
A1: GOBIERNO DEL ESTADO DE ZACATECAS
A9: PROYECTO: | B9: REHABILITACIÓN DE CALLE CON PAVIMENTACIÓN DE CONCRETO ASFÁLTICO, EN GUADALUPE, LOCALIDAD GUADALUPE, ASENTAMIENTO SANTA RITA ZAP 16.08 CALLE SANTA RITA, CON 918.76 M2, PARA BENEFICIO DE 17 VIVIENDAS.
A10: UBICACIÓN: | B10: GUADALUPE, ZAC.
A12: PRESUPUESTO DE ADQUISICIÓN DE INSUMOS
A14: Código | B14: Concepto | C14: Unidad | D14: Cantidad | E14: Costo Unitario | F14: Importe
B16: PAVIMENTO
A17: MASF0003 | B17: EMULSION CATIONICA DE ROMPIMIENTO RAPIDO (ECR) , DE ACUERDO CON LA NORMA DE LA SCT N-CMT-4-05-001 VIGENTE. (PUESTOS EN EL SITIO DE LOS TRABAJOS) | C17: L | D17: 918.759 | E17: =+'EST. MCDO'!G22 -> 13.69 | F17: =+ROUND(D17*E17,2) -> 12577.81
A18: MASFPG64-22P | B18: ADQUISICIÓN DE CARPETA DE CONCRETO ASFALTICO CON CEMENTO ASFALTICO GRADO PG 64-22 ELABORADA EN PLANTA MEZCLA EN CALIENTE TIPO DENSA. (MEZCLA ASFÁLTICA SUELTA PUESTA EN EL SITIO DE LOS TRABAJOS). DE ACUERDO CON LA NORMA DE LA SCT N-CMT-4-05-003 VIGENTE. | C18: M3 | D18: 55.12 | E18: =+'EST. MCDO'!G24 -> 2663.13 | F18: =+ROUND(D18*E18,2) -> 146791.73
B19: SUBTOTAL PAVIMENTO | F19: =SUM(F17:F18) -> 159369.54
B21: SEÑALAMIENTO
A22: MPIN0001 | B22: PINTURA TRAFICO AMARILLO Y/O BLANCO, BASE AGUA, TIPO II, EN TAMBOS DE 200 L O CUBETA DE 19 L, DE ACUERDO A LA NORMA DE LA SICT N·CMT·5·01·001/13, PUESTA EN ALMACENES DE LA SUBSECRETARÍA DE COMUNICACIONES. | C22: L | D22: 22 | E22: =+EST.MCDO.PIN.!G23 -> 116.69 | F22: =+ROUND(D22*E22,2) -> 2567.18
B23: SUBTOTAL SEÑALAMIENTO | F23: =SUM(F22) -> 2567.18
E26: SUMA: | F26: =+F19+F23 -> 161936.72
E27: 16 % I.V.A. | F27: =+ROUND(F26*0.16,2) -> 25909.88
E28: TOTAL | F28: =+F26+F27 -> 187846.6
A43: C. Eduardo Quintero Pinedo Arq. Manuel Alfonso Acuña Borda | E43: Ing. Carlos Rodríguez Limas
A44: Director de Costos y Presupuestos Subsecretario de Proyectos y Costos | E44: Subdirector de Validación y Costos

Sheet EST. MCDO
A1: GOBIERNO DEL ESTADO DE ZACATECAS
A11: PROYECTO: | B11: =+#REF! -> #REF!
A12: UBICACIÓN: | B12: GUADALUPE, ZAC.
A15: ESTUDIO DE MERCADO
A17: Código | B17: Concepto | C17: Unidad | D17: COTIZACIONES (Octubre) | G17: PRECIO MÁXIMO DE REFERENCIA
D18: PRECIOS (NO INCLUYEN IVA)
D19: RÍO TRAC S.A DE C.V. | E19: PAVIMENTOS ESTRUCTURALES DE ZACATECAS S.A DE C.V. | F19: RIVERA Y RIVERA S.A DE C.V
B21: MATERIAL ASFÁLTICO
A22: MASF0003 | B22: ADQUISICIÓN DE EMULSION CATIÓNICA DE ROMPIMIENTO RÁPIDO, DE ACUERDO CON LA NORMA DE LA SCT N-CMT-4-05-001 VIGENTE.(PUESTO EN EL SITIO DE LOS TRABAJOS) | C22: L | D22: 16.35 | E22: 12.46 | F22: 12.27 | G22: =ROUND(AVERAGE(D22:F22),2) -> 13.69
A23: MASF0004 | B23: ADQUISICIÓN DE EMULSION CATIÓNICA DE ROMPIMIENTO LENTO, DE ACUERDO CON LA NORMA DE LA SCT N-CMT-4-05-001 VIGENTE. (PUESTO EN EL SITIO DE LOS TRABAJOS) | C23: L | D23: 17.45 | E23: 12.46 | F23: 12.75 | G23: =ROUND(AVERAGE(D23:F23),2) -> 14.22
A24: MASFPG64-22 | B24: ADQUISICIÓN DE CARPETA DE CONCRETO ASFALTICO CON CEMENTO ASFALTICOGRADO PG 64-22 ELABORADA EN PLANTA MEZCLA EN CALIENTE TIPO DENSA. (MEZCLA ASFÁLTICA SUELTA PUESTA EN EL SITIO DE LOS TRABAJOS) DE ACUERDO CON LA NORMA DE LA SCT N-CMT-4-05-003 VIGENTE. | C24: M3 | D24: 2732 | E24: 2657.4 | F24: 2600 | G24: =ROUND(AVERAGE(D24:F24),2) -> 2663.13
B27: PRECIOS CON VIGENCIA MENSUAL ACTUALIZÁNDOSE AL PRIMER DÍA DEL MES A TRANSCURRIR.
B28: Se anexan cotizaciones (3)

Sheet EST.MCDO.PIN.
A1: GOBIERNO DEL ESTADO DE ZACATECAS
A11: PROYECTO: | B11: =+'EST. MCDO'!B11:F11 -> #REF!
A12: UBICACIÓN: | B12: =+'EST. MCDO'!B12 -> GUADALUPE, ZAC.
A15: ESTUDIO DE MERCADO
A17: Código | B17: Concepto | C17: Unidad | D17: COTIZACIONES (Octubre) | G17: PRECIO MÁXIMO DE REFERENCIA
D18: PRECIOS (NO INCLUYEN IVA)
D19: EFORZA | E19: IMPERQUIMIA | F19: CASA ORTÍZ
B21: PINTURA
A22: MPIN0001 | B22: PINTURA TRAFICO AMARILLO Y/O BLANCO, BASE AGUA, TIPO II, EN TAMBOS DE 200 L O CUBETA DE 19 L, DE ACUERDO A LA NORMA DE LA SICT N·CMT·5·01·001/13, PUESTA EN ALMACENES DE LA SUBSECRETARÍA DE COMUNICACIONES. | C22: cub | D22: 2324.14 | E22: 2219.83 | F22: 2107.44 | G22: =ROUND(AVERAGE(D22:F22),2) -> 2217.14
C23: L | D23: =+D22/19 -> 122.32316 | E23: =+E22/19 -> 116.83316 | F23: =+F22/19 -> 110.91789 | G23: =ROUND(G22/19,2) -> 116.69
B28: Se anexan cotizaciones (3)
